 Dungeon Crawl Stone Soup version 0.30-a0-924-g0ad0bf95bc (webtiles) character file.

Game seed: 12446158638097807125

72 mopl the Magician (level 4, -1/27 HPs)
             Began as an Octopode Hedge Wizard on Mar 22, 2023.
             Slain by a gnoll
             ... wielding a +0 spear of venom
              (8 damage)
             ... on level 3 of the Dungeon.
             The game lasted 00:02:07 (1596 turns).

mopl the Magician (Octopode Hedge Wizard)           Turns: 1596, Time: 00:02:08

Health: -1/27      AC:  1    Str:  9    XL:     4   Next: 26%
Magic:  1/9        EV: 13    Int: 18    God:
Gold:   119        SH:  0    Dex: 11    Spells: 4/10 levels left

rFire   . . .      SeeInvis .    a - +0 dagger
rCold   . . .      Faith    .    (no shield)
rNeg    . . .      Spirit   .    b - +0 hat
rPois   +          Reflect  .    (no amulet)
rElec   .          Rampage  .    g - ring of poison resistance
rCorr   .                        (no ring)
Will    .....                    (no ring)
Stlth   +++                      (no ring)
HPRegen 0.24/turn                (no ring)
MPRegen 0.11/turn                (no ring)
                                 (no ring)
                                 (no ring)

@: on blink cooldown, very slightly contaminated
A: almost no armour, amphibious, 8 rings, camouflage 1, gelatinous body 1,
(nimble swimmer 1), tentacles
a: no special abilities


You were on level 3 of the Dungeon.
You visited 1 branch of the dungeon, and saw 3 of its levels.

You collected 119 gold pieces.

Inventory:

Hand Weapons
 a - a +0 dagger (weapon)
Missiles
 i - 4 poisoned darts
 s - 2 atropa-tipped darts
Armour
 b - a +0 hat (worn)
Magical Staves
 n - a staff of cold
Jewellery
 g - a ring of poison resistance (left tentacle)
Wands
 q - a wand of polymorph (14)
Scrolls
 d - 3 scrolls of identify {unknown}
 h - 3 scrolls of teleportation {unknown}
 j - 2 scrolls of fear {unknown}
 m - a scroll of enchant armour {unknown}
 o - a scroll of magic mapping {unknown}
Potions
 c - a potion of magic
 e - 2 potions of curing {unknown}
 f - a potion of attraction {unknown}
 k - a potion of degeneration {unknown}
 l - a potion of haste {unknown}
 p - a potion of might {unknown}
 r - a potion of flight {unknown}


   Skills:
 - Level 2.0 Dodging
 - Level 2.6 Stealth
 + Level 3.5 Spellcasting
 + Level 2.2 Conjurations
 - Level 1.0 Summonings
 + Level 2.2 Translocations
 + Level 1.2 Poison Magic


You had 4 spell levels left.
You knew the following spells:

 Your Spells              Type           Power      Damage    Failure   Level
a - Magic Dart            Conj           44%        1d5       6%          1
c - Mephitic Cloud        Conj/Pois/Air  7%         N/A       28%         3
e - Blink                 Tloc           22%        N/A       10%         2

Your spell library contained the following spells:

 Spells                   Type           Power      Damage    Failure   Level
 Slow                     Hex            12%        N/A       16%         1
 Call Imp                 Summ           6%         N/A       16%         2
 Cigotuvi's Dreadful Rot  Necr/Pois/Air  8%         N/A       21%         2


Dungeon Overview and Level Annotations

Branches:
Dungeon (3/15)

Altars:
Fedhas
Xom


Innate Abilities, Weirdness & Mutations

You cannot wear most types of armour.
You are amphibious.
You can wear up to eight rings at the same time.
Your skin changes colour to match your surroundings (Stealth+).
Your rubbery body absorbs attacks. (AC +1, EV +1)
((You are camouflaged when in or above water. (Stealth+)))
You have tentacles for arms and can constrict up to eight enemies at once.


Message History

Aim: a gnoll, wielding a +0 flail (lightly wounded, chance to affect: 91%)
You miscast Mephitic Cloud.
You are very lightly contaminated with residual magic.
Nothing appears to happen.
A gnoll comes into view. It is wielding a +0 spear of venom.
Casting: Mephitic Cloud (extremely dangerous; 30% risk of failure)
Confirm with . or Enter, or press ? or * to list all spells.
The spell is extremely dangerous to miscast (30% risk of failure)!
Continue anyway?
Aiming: Mephitic Cloud (extremely dangerous; 30% risk of failure)
Press: ? - help, Shift-Dir - straight line, f/p - gnoll
Aim: a gnoll, wielding a +0 flail (lightly wounded, chance to affect: 91%)
You miscast Mephitic Cloud.
Nothing appears to happen.
You hit the gnoll but do no damage. You grab the gnoll. You squeeze the gnoll.
The gnoll is heavily wounded.
You constrict the gnoll. The gnoll barely misses you.
You hit the gnoll but do no damage.
The gnoll is heavily wounded.
You constrict the gnoll. The gnoll closely misses you.
You hit the gnoll. You squeeze the gnoll.
You kill the gnoll!
The gnoll attacks as you move away! The gnoll closely misses you.
The gnoll attacks as you move away! The gnoll hits you with a +0 whip!
The gnoll attacks as you move away! The gnoll hits you with a +0 whip.
Casting: Mephitic Cloud (extremely dangerous; 28% risk of failure)
Confirm with . or Enter, or press ? or * to list all spells.
You blink.
The gnoll closely misses you.
Okay, then.
The gnoll attacks as you move away! The gnoll hits you with a +0 whip.
Press: ? - help, v - describe, . - travel
Here: a gnoll, wielding a +0 spear of venom The floor.
Unknown command.
Okay, then.
You hit the gnoll. You grab the gnoll.
The gnoll is moderately wounded.
You constrict the gnoll, but do no damage.
The gnoll hits you with a +0 whip.
* * * LOW HITPOINT WARNING * * *
The gnoll hits you from afar with a +0 spear of venom!
You die...

..........#
#.#
#########.#
#.# # #.#
#.# # #.#
#.# #.# #.#
#.# #.# #.#
#.#
#.####g###
#......g@#
##########


You could see 2 gnolls.

Vanquished Creatures
  3 adders
  A gnoll (D:3)
  A worm (D:2)
  A dart slug (D:1)
  2 ball pythons
  3 endoplasms
  A giant cockroach (D:1)
  A goblin (D:1)
  5 hobgoblins
  3 quokkas
  A bat (D:2)
  3 frilled lizards
  2 kobolds
  5 rats
32 creatures vanquished.

Notes
Turn   | Place    | Note
-------+----------+-------------------------------------------
     0 | D:1      | mopl the Octopode Hedge Wizard began the quest for the Orb.
     0 | D:1      | Reached XP level 1. HP: 11/11 MP: 4/4
   119 | D:1      | Reached XP level 2. HP: 17/17 MP: 6/6
   127 | D:1      | Learned a level 2 spell: Blink
   563 | D:2      | Reached XP level 3. HP: 14/21 MP: 7/7
   567 | D:2      | Learned a level 3 spell: Mephitic Cloud
   806 | D:2      | Reached skill level 2 in Translocations
   809 | D:2      | Reached skill level 2 in Conjurations
   850 | D:2      | Found a shimmering altar of Xom.
  1373 | D:3      | Reached skill level 1 in Poison Magic
  1373 | D:3      | Reached XP level 4. HP: 25/27 MP: 7/9
  1421 | D:3      | Found a blossoming altar of Fedhas.
  1596 | D:3      | Slain by a gnoll

Illustrated notes

Levels and vault maps discovered:
D:1:      lemuel_arrival_lava_pool, layout_basic
D:2:      layout_basic, basic_altar
D:3:      layout_basic, mainiacjoe_overflow_surrounded_room

Skill      XL: |  1  2  3 |
---------------+----------+-----
Translocations | 2 |  2.2
Conjurations   | 2 |  2.2
Poison Magic   | 1 |  1.2
Dodging        | |  2.0
Stealth        | |  2.6
Spellcasting   | |  3.5
Summonings     | |  1.0

Action                     |  1- 3 |  4- 6 || total
---------------------------+-------+-------++-------
  Melee: Dagger            |    64 |    10 ||    74
         Tentacles         |    18 |     2 ||    20
         Constrict         |    15 |     3 ||    18
   Cast: Magic Dart        |     7 |     2 ||     9
         Blink             |       |     1 ||     1
   Stab: Sleeping          |     7 |       ||     7
 Armour: Skin              |     2 |     1 ||     3
  Dodge: Dodged            |    37 |     7 ||    44

Table legend: (Time is in decaauts)
 A = Elapsed time spent in this place.
 B = Non-inter-level travel time spent in this place.
 C = Inter-level travel time spent in this place.
 D = Time resting spent in this place.
 E = Time spent auto-exploring this place.
 F = Levels seen in this place.
 G = Mean time per level.
                   A        B        C        D        E       F      G
               +--------+--------+--------+--------+--------+-----+--------+
         Total |   1595 |   1535 |     60 |     45 |   1237 |   3 |  531.7 |
       Dungeon |   1595 |   1535 |     60 |     45 |   1237 |   3 |  531.7 |
               +--------+--------+--------+--------+--------+-----+--------+

Top non-repeatable levels by time:
     D:2: 828 daAuts
     D:1: 510 daAuts
     D:3: 255 daAuts
